[Event "Team 45 45 League T66"]
[Site "Internet Chess Club"]
[Date "2015.09.20"]
[Round "3"]
[White "Monterrey"]
[Black "ShootStraight"]
[Result "0-1"]
[WhiteElo "1950"]
[BlackElo "1953"]
[Opening "Trompowsky attack (Ruth, Opocenský opening)"]
[ECO "A45"]
[Time "17:00:47"]
[TimeControl "2700+45"]

1. d4 Nf6 2. Bg5 c5 3. d5 Ne4 4. Bc1 Qb6 5. f3 Nf6 6. e4 d6 7. Na3 g6 8. Nc4 Qc7
9. a4 Nbd7 10. Bd3 Bg7 11. Ne2 O-O 12. O-O Nb6 13. Nxb6 Qxb6 14. c4 Bd7 15. Kh1
Qc7 16. f4 b6 17. Ng3 a6 18. Qe2 Ne8 19. Ra3 Rb8 20. f5 Qd8 21. Bf4 Be5 22. Bxe5
dxe5 23. Qe3 Kg7 24. Be2 f6 25. h4 Nd6 26. h5 g5 27. Rfa1 Qc7 28. Qf3 Rb7 29.
Nf1 Rfb8 30. Ne3 b5 31. axb5 axb5 32. b3 bxc4 33. bxc4 Rb1+ 34. Kh2 Rxa1 35.
Rxa1 Qb6 36. Ng4 Bc8 37. h6+ Kf8 38. Qe3 Ba6 39. Ra4 Bb7 40. Ra1 Ra8 41. Rxa8+
Bxa8 42. Qa3 Bb7 43. Bd3 Ba6 44. Qa4 Bb7 45. Qd7 Bc8 46. Qa4 Qa6 47. Qb3 Ke8 48.
Qc3 Qb6 49. Qa3 Nb7 50. Qa8 Kd7 51. Bc2 Kc7 52. Ba4 Qa5 53. Qxa5+ Nxa5 54. Be8
Nxc4 55. Bg6 Nd6 56. Bxh7 Nf7 57. Bg8 Nh8 58. Be6 Ba6 59. Ne3 Kd8 60. Kg3 Ke8
61. Kf2 Nf7 62. h7 Nh8 63. Nd1 Kf8 64. Nc3 Kg7 65. Bg8 Bd3 66. Ke3 Bf1 67. g3
Kh6 68. Nd1 Kh5 69. Nf2 Ba6 70. Kd2 Bb5 71. Kc3 Kh6 72. Kd2 Kh5 73. Kc3 Kh6 74.
g4 Kg7 75. Nd3 Ba4 76. Nf2 Bb5 77. Nd3 Ba4 78. Kc4 Bc2 79. Nf2 Bb1 80. Kxc5 Bc2
81. Kc6 Ba4+ 82. Kc7 Bb5 83. Kd8 Kf8 84. Be6 Be2 85. Bg8 Bb5 86. Nd1 Be2 87. Nf2
Bb5 88. Kc7 Be2 89. Kd7 Bb5+ 90. Ke6 Bc4 91. Nd1 Ke8 92. Nc3 Kd8 93. Bf7 Ba6 94.
d6 Bc8+ 95. Kd5 Nxf7 96. Kc6 Bd7+ 97. Kb7 Nxd6+ 98. Kb6 Nf7 99. Nd5 Ke8 100.
Nc7+ Kf8 101. Ne6+ Bxe6 102. fxe6 Nh8 103. Kc7 Kg7 104. Kd7 Ng6 105. Ke8 Kxh7
106. Kf7 Kh6 107. Kg8 f5 108. gxf5 g4 109. f6 exf6 110. e7 Nxe7+ 111. Kh8 Ng6+
{White resigns} 0-1

[Event "Team 45 45 League T66"]
[Site "Internet Chess Club"]
[Date "2015.09.21"]
[Round "3"]
[White "bobhill"]
[Black "chsrules88"]
[Result "1/2-1/2"]
[WhiteElo "1980"]
[BlackElo "2025"]
[Opening "Queen's pawn game, Chigorin variation"]
[ECO "D02"]
[Time "20:02:06"]
[TimeControl "2700+45"]

1. d4 d5 2. Nf3 Nc6 3. Bg5 Nf6 4. e3 e6 5. c3 h6 6. Bh4 g5 7. Bg3 Bd6 8. Qc2 Qe7
9. Nbd2 e5 10. dxe5 Nxe5 11. Nxe5 Bxe5 12. Nf3 Bd6 13. Bd3 Bg4 14. Bxd6 Qxd6 15.
h3 Bxf3 16. gxf3 O-O-O 17. O-O-O Kb8 18. Qa4 Nd7 19. h4 Qf6 20. Be2 c6 21. Rd4
Nc5 22. Qd1 Ne6 23. Rg4 Qe5 24. Qa4 f5 25. Rb4 f4 26. Qxc6 Rh7 27. Ba6 b6 28. e4
Rc7 29. Qa4 Nc5 30. Qb5 Nxa6 31. Qxa6 Rxc3+ 32. Kb1 Rxf3 33. Rc1 Qd6 34. Ra4 Qe7
35. exd5 Qb7 {Game drawn by mutual agreement} 1/2-1/2

[Event "Team 45 45 League T66"]
[Site "Internet Chess Club"]
[Date "2015.09.20"]
[Round "3"]
[White "fishhead"]
[Black "misuc56"]
[Result "1-0"]
[WhiteElo "1852"]
[BlackElo "1781"]
[Opening "Sicilian"]
[ECO "B54"]
[Time "13:00:25"]
[TimeControl "2700+45"]

1. e4 c5 2. Nf3 d6 3. d4 cxd4 4. Nxd4 Nc6 5. Bc4 g6 6. Bb3 Bg7 7. Nxc6 bxc6 8.
Nc3 Bd7 9. Bg5 Qa5 10. Qd2 h6 11. Bf4 g5 12. Be3 Nf6 13. f3 Rb8 14. O-O-O Be6
15. Na4 Qxd2+ 16. Rxd2 Bxb3 17. cxb3 Rb7 18. Rhd1 Nd7 19. Rc2 c5 20. g3 O-O 21.
f4 f6 22. h4 g4 23. h5 Nb6 24. Nxb6 axb6 25. f5 Kf7 26. Rh2 Rg8 27. Bf4 b5 28.
a3 Bf8 29. Kc2 Rb6 30. Be3 Ra6 31. Rf1 b4 32. a4 c4 33. Rh4 cxb3+ 34. Kxb3 e6
35. Rf4 exf5 36. Rxf5 Ke6 37. a5 Kf7 38. Ka4 Bg7 39. Rxg4 Re8 40. Kxb4 Raa8 41.
Bb6 Bf8 42. Kb5 Be7 43. b4 Rh8 44. a6 Rhb8 45. Ka5 d5 46. b5 dxe4 47. Rxe4 Rc8
48. Be3 Rc3 49. Bxh6 Rxg3 50. Ra4 Ke6 51. Rff4 Rh3 52. Rfe4+ Kf7 53. Rh4 Rd3 54.
Bc1 f5 55. Rhd4 Rc3 56. Bd2 Rcc8 57. Rac4 Rxc4 58. Rxc4 Rd8 59. a7 Ke6 60. Bf4
Kd5 61. Rc7 Bd6 62. Bxd6 Kxd6 63. Rc1 Re8 64. Ka6 f4 65. b6 f3 66. b7 f2 67.
b8=Q+ {Black resigns} 1-0

[Event "Team 45 45 League T66"]
[Site "Internet Chess Club"]
[Date "2015.09.20"]
[Round "3"]
[White "chessabc"]
[Black "az2112"]
[Result "1-0"]
[WhiteElo "1857"]
[BlackElo "1591"]
[Opening "Trompowsky attack (Ruth, Opocenský opening)"]
[ECO "A45"]
[Time "19:30:33"]
[TimeControl "2700+45"]

1. d4 Nf6 2. Bg5 e6 3. Nd2 Be7 4. e3 O-O 5. Bd3 c5 6. c3 d5 7. Qe2 Nbd7 8. h4 b6
9. Ngf3 Bb7 10. Ne5 h6 11. Nxd7 Qxd7 12. f4 Ne4 13. Bxh6 gxh6 14. Qh5 f5 15.
Qg6+ Kh8 16. Qxh6+ Kg8 17. Rh3 Rf6 18. Qh5 Qe8 19. Qf3 Rh6 20. g3 Qg6 21. O-O-O
Kf7 22. Be2 Rg8 23. Nxe4 dxe4 24. Qf2 cxd4 25. Rxd4 Rd8 26. Rxd8 Bxd8 27. Rh1
Rh8 28. Rd1 Bd5 29. c4 Bc6 30. Rd6 {Black resigns} 1-0

[Event "Team 45 45 League T66"]
[Site "Internet Chess Club"]
[Date "2015.09.18"]
[Round "3"]
[White "SugarIslander"]
[Black "Portola"]
[Result "1-0"]
[WhiteElo "1619"]
[BlackElo "1799"]
[Opening "QGD: 4.Nf3"]
[ECO "D37"]
[Time "18:00:29"]
[TimeControl "2700+45"]

1. d4 d5 2. c4 e6 3. Nc3 Nf6 4. Nf3 Be7 5. e3 O-O 6. Bd3 Nbd7 7. cxd5 exd5 8.
O-O c6 9. Re1 Re8 10. Qc2 Bd6 11. e4 dxe4 12. Nxe4 Nxe4 13. Bxe4 Nf6 14. Bg5 h6
15. Bxf6 Qxf6 16. Bh7+ Kf8 17. Rxe8+ Kxe8 18. Re1+ Kf8 19. Ne5 Bxe5 20. dxe5 Qe7
21. b3 Be6 22. Bf5 a6 23. Bxe6 Qxe6 24. f4 Kg8 25. Rd1 Re8 26. Rd6 Qe7 27. Qd2
Qc7 28. g3 Qc8 29. Rd7 Qb8 30. Qd4 b6 31. Qc4 Rf8 32. Qxc6 Rc8 33. Qd5 Rf8 34.
Qb7 Qe8 35. Rd6 Qb5 36. Qxb6 Qe2 37. Qf2 Qe4 38. Rd4 Qb1+ 39. Kg2 Rc8 40. Rd2
Qe4+ 41. Qf3 Qb4 42. Qd3 Rc3 43. Qd4 Qb7+ 44. Qd5 Qb4 45. e6 fxe6 46. Qxe6+ Kh7
47. Qf5+ g6 48. Qf7+ {Black resigns} 1-0

[Event "Team 45 45 League T66"]
[Site "Internet Chess Club"]
[Date "2015.09.20"]
[Round "3"]
[White "rubo"]
[Black "Innes"]
[Result "1/2-1/2"]
[WhiteElo "1622"]
[BlackElo "1676"]
[Opening "Queen's pawn: Charlick (Englund) gambit"]
[ECO "A40"]
[Time "20:00:59"]
[TimeControl "2700+45"]

1. d4 e5 2. dxe5 d6 3. e4 Nc6 4. Nf3 Bg4 5. Bb5 dxe5 6. Bxc6+ bxc6 7. Qxd8+ Rxd8
8. Nbd2 Bd6 9. O-O Nf6 10. Re1 O-O 11. h3 Bc8 12. Nc4 h6 13. Bd2 Ba6 14. Na5 Bc5
15. Nxc6 Rd6 16. Ne7+ Kh7 17. Nf5 Rd7 18. Bc3 g6 19. Nxe5 Rdd8 20. Nc6 Nxe4 21.
Rxe4 gxf5 22. Nxd8 fxe4 23. Nc6 Bb7 24. Ne5 Rg8 25. Ng4 Be7 26. Rd1 Bc8 27. Nf6+
Bxf6 28. Bxf6 Bxh3 29. g3 Bf5 30. Rd8 Rxd8 31. Bxd8 c6 32. c3 Be6 33. a3 Bb3 34.
Kf1 f5 35. Bc7 Kg6 36. Ke2 Kg5 37. Bf4+ Kg6 38. Ke3 h5 39. Kd4 Kf6 40. Kc5 Ba4
41. b4 a6 42. c4 Ke6 43. Kb6 Bb3 44. Kxa6 Bxc4+ 45. Ka5 Kd7 46. a4 Bd3 47. Kb6
Bc2 48. a5 e3 49. Bxe3 Be4 50. a6 Kc8 51. a7 c5 52. bxc5 Ba8 53. c6 Kd8 54. Bf4
Kc8 55. Bc7 f4 56. Bxf4 Kd8 57. Bg5+ Kc8 58. f4 h4 59. gxh4 Bxc6 60. Kxc6 {Black
stalemated} 1/2-1/2

[Event "Team 45 45 League T66"]
[Site "Internet Chess Club"]
[Date "2015.09.20"]
[Round "3"]
[White "drsigmund1"]
[Black "Visin"]
[Result "1-0"]
[WhiteElo "1476"]
[BlackElo "1197"]
[Opening "Queen's pawn game, Chigorin variation"]
[ECO "D02"]
[Time "13:00:16"]
[TimeControl "2700+45"]

1. d4 d5 2. Nf3 Nc6 3. Bf4 Nf6 4. e3 e6 5. Bd3 Bd6 6. Ne5 O-O 7. Nd2 g6 8. h4
Nh5 9. Bh2 Qxh4 10. Ndf3 Qe7 11. Nxc6 bxc6 12. Ne5 Bxe5 13. dxe5 Ng7 14. Bf4 f5
15. Qf3 Nh5 16. Rxh5 gxh5 17. Qxh5 Qg7 18. Bh6 Qg6 19. Qxg6+ hxg6 20. Bxf8 Kxf8
21. O-O-O Kg7 22. g4 Bd7 23. gxf5 exf5 24. f3 Rh8 25. e4 Re8 26. exf5 Bxf5 27.
Bxf5 gxf5 28. f4 Kf7 29. Rg1 Rg8 30. Rxg8 Kxg8 31. Kd2 Kg7 32. Ke3 Kf7 33. b3
Ke7 34. c4 dxc4 35. bxc4 c5 36. Kd3 c6 37. Kc3 Kf7 38. Kb3 Kg6 39. Ka4 Kh5 40.
Ka5 Kg6 41. Ka6 Kf7 42. Kxa7 Ke7 43. Kb7 Kd7 44. a4 {Black resigns} 1-0

[Event "Team 45 45 League T66"]
[Site "Internet Chess Club"]
[Date "2015.09.19"]
[Round "3"]
[White "otherook"]
[Black "tornado100"]
[Result "1-0"]
[WhiteElo "1739"]
[BlackElo "1676"]
[Opening "Réti opening"]
[ECO "A30"]
[Time "15:00:37"]
[TimeControl "2700+45"]

1. Nf3 c5 2. c4 g6 3. g3 Nc6 4. Bg2 Bg7 5. O-O e6 6. Nc3 Nge7 7. d3 O-O 8. Bf4
d5 9. cxd5 exd5 10. e4 d4 11. Ne2 Kh8 12. Qd2 f5 13. Bh6 Be6 14. Bxg7+ Kxg7 15.
Ng5 Bg8 16. exf5 Rxf5 17. Bh3 Rf6 18. Ne4 Ne5 19. f4 Rc6 20. fxe5 Qc7 21. Nd6
Nd5 22. Nf4 Ne3 23. Rfe1 Qe7 24. Bg2 Nxg2 25. Qxg2 Rf8 26. Nd5 Bxd5 27. Qxd5 Rd8
28. Qe4 Rf8 29. Rf1 Rc7 30. Rxf8 Kxf8 31. Rf1+ Kg8 32. Qd5+ Kh8 33. Rf7 Qd8 34.
Qe6 Qg8 35. Qf6+ Qg7 36. Rf8# {Black checkmated} 1-0

[Event "Team 45 45 League T66"]
[Site "Internet Chess Club"]
[Date "2015.09.17"]
[Round "3"]
[White "Whalen"]
[Black "bluesun"]
[Result "1-0"]
[WhiteElo "1660"]
[BlackElo "1518"]
[Opening "QGA, Flohr variation"]
[ECO "D25"]
[Time "16:00:33"]
[TimeControl "2700+45"]

1. d4 d5 2. c4 dxc4 3. Nf3 Nf6 4. e3 Be6 5. Nc3 Nc6 6. e4 Bg4 7. d5 Ne5 8. Qa4+
c6 9. Nxe5 Qd6 10. dxc6 bxc6 11. Nxc4 Qc7 12. e5 Nd7 13. Bf4 e6 14. Be2 Bf5 15.
Nd6+ Bxd6 16. exd6 Qb6 17. b3 O-O 18. O-O Rfd8 19. Rfd1 Qc5 20. Qc4 Qxc4 21.
Bxc4 Nb6 22. Bg3 Bc2 23. Rd2 Bf5 24. Ba6 Rd7 25. Rc1 Rb8 26. Ne2 Be4 27. Rd4 Bd5
28. b4 Bxa2 29. Rxc6 Bd5 30. Rc7 Rxc7 31. dxc7 Re8 32. Nc3 f6 33. Nb5 Rf8 34.
Nd6 g5 35. h4 gxh4 36. Bxh4 Kg7 37. c8=Q Nxc8 38. Nxc8 Rd8 39. Rf4 Rf8 40. b5 e5
41. Rb4 Rf7 42. Nd6 Rf8 43. Nf5+ Kf7 44. b6 axb6 45. Rxb6 Be6 46. Rb7+ Kg6 47.
Ne3 e4 48. g4 h5 49. Rb6 Bxg4 50. Nxg4 hxg4 51. Kg2 Kg7 52. Rb7+ Kg6 53. Kg3 f5
54. Kf4 Ra8 55. Rb6+ Kh5 56. Bg5 Rh8 57. Kxf5 Rf8+ 58. Bf6 e3 59. fxe3 Rg8 60.
Rb1 Rg5+ 61. Bxg5 g3 62. Be2# {Black checkmated} 1-0

[Event "Team 45 45 League T66"]
[Site "Internet Chess Club"]
[Date "2015.09.19"]
[Round "3"]
[White "skuhl99"]
[Black "houseofcook"]
[Result "1/2-1/2"]
[WhiteElo "1539"]
[BlackElo "1423"]
[Opening "English: Neo-Catalan declined"]
[ECO "A14"]
[Time "10:00:26"]
[TimeControl "2700+45"]

1. Nf3 Nf6 2. c4 e6 3. g3 d5 4. Bg2 Be7 5. O-O O-O 6. d3 c5 7. a3 Nc6 8. Bd2 b6
9. Nc3 Bb7 10. Na2 a6 11. b4 Rc8 12. Rb1 b5 13. cxb5 axb5 14. bxc5 Ba6 15. d4
Nd7 16. Nb4 Bb7 17. a4 bxa4 18. Qxa4 Nxb4 19. Rxb4 Bc6 20. Qc2 Rb8 21. Rfb1 Rxb4
22. Rxb4 Qa8 23. e3 Rb8 24. Rxb8+ Qxb8 25. Bf1 Nf6 26. Ne5 Qc7 27. Nxc6 Qxc6 28.
f3 Ne8 29. Qb3 Nc7 30. Qb8+ Bf8 31. Ba5 Na6 32. Qb5 Qxb5 33. Bxb5 Bxc5 34. dxc5
Nxc5 35. Bb4 Nb7 36. f4 f6 37. Kf2 Nd8 38. Kf3 Nf7 39. Bc6 g6 40. g4 Kg7 41. h4
h6 42. Bc5 Kh7 43. e4 dxe4+ 44. Kxe4 f5+ 45. gxf5 exf5+ 46. Kf3 g5 47. h5 Kg7
48. Be7 gxf4 49. Kxf4 Ng5 50. Bxg5 hxg5+ 51. Kxg5 f4 52. Kxf4 Kh6 53. Be8 Kh7
54. Kg5 Kg7 55. h6+ Kh7 56. Bg6+ Kh8 57. Be4 Kg8 58. Kf6 Kh8 59. Bf5 Kg8 60. h7+
Kh8 61. Kf7 {Black stalemated} 1/2-1/2

[Event "Team 45 45 League T66"]
[Site "Internet Chess Club"]
[Date "2015.09.20"]
[Round "3"]
[White "mongmong"]
[Black "PaulRichard"]
[Result "1/2-1/2"]
[WhiteElo "1614"]
[BlackElo "1620"]
[Opening "Queen's pawn: Yusupov-Rubinstein system"]
[ECO "A46"]
[Time "19:05:12"]
[TimeControl "2700+45"]

1. d4 Nf6 2. Nf3 e6 3. e3 b6 4. Bd3 Bb7 5. Nbd2 c5 6. c3 Be7 7. e4 cxd4 8. cxd4
d6 9. O-O O-O 10. Qe2 Nc6 11. a3 d5 12. e5 Nd7 13. b4 a6 14. Bb2 Re8 15. Rfc1 f6
16. Rc2 b5 17. Rac1 Rc8 18. Nb3 fxe5 19. dxe5 Na7 20. Nbd4 Rxc2 21. Rxc2 Qb6 22.
Qd2 Nf8 23. Qc1 Rc8 24. Nb3 Rxc2 25. Qxc2 Qc6 26. Na5 Qxc2 27. Bxc2 Ba8 28. g3
Nc6 29. Nxc6 Bxc6 30. Nd4 Bd7 31. f4 g6 32. Kf2 Bd8 33. Kf3 Bb6 34. g4 Kf7 35.
h4 Bd8 36. Kg3 Be8 37. Nb3 Nd7 38. Bd4 Bb6 39. Kf3 Bxd4 40. Nxd4 Nb6 41. Bd3 Nc4
42. Bxc4 dxc4 43. Ke3 h5 44. g5 Ke7 45. Kd2 Bd7 46. Kc3 Kd8 47. Nf3 Bc6 48. Nd4
Bd7 49. Ne2 Bc6 50. Kd4 Kc7 51. Kc5 Bd7 52. Nc3 Bc6 53. Kd4 Bd7 54. Ne4 Kd8 55.
Kc5 Kc7 56. Kd4 Kd8 57. Nc5 Bc8 58. a4 Kc7 59. axb5 axb5 60. Ne4 Bd7 61. Kc5 Bc6
62. Nc3 Kd7 63. Kd4 Kc7 64. Nb1 Bd7 65. Nd2 Bc6 66. Nb1 Bd7 67. Kc5 Bc6 68. Nc3
Bd7 69. Ne4 Bc6 70. Nc3 {Game drawn by repetition} 1/2-1/2

[Event "Team 45 45 League T66"]
[Site "Internet Chess Club"]
[Date "2015.09.20"]
[Round "3"]
[White "sdcohle"]
[Black "Gilguli"]
[Result "1/2-1/2"]
[WhiteElo "1453"]
[BlackElo "1478"]
[Opening "Queen's pawn game"]
[ECO "D04"]
[Time "14:47:18"]
[TimeControl "2700+45"]

1. d4 d5 2. Nf3 Nf6 3. e3 Nc6 4. c4 g6 5. Be2 Bg7 6. Nc3 dxc4 7. Bxc4 O-O 8. O-O
b6 9. b3 Bf5 10. Bb2 Nb4 11. Rc1 c6 12. a3 Nbd5 13. Nxd5 Nxd5 14. Bxd5 cxd5 15.
Qe2 Qd6 16. Rc3 Rac8 17. Rfc1 Qb8 18. Qa6 Rxc3 19. Rxc3 Rc8 20. Rxc8+ Bxc8 21.
Qe2 Qc7 22. h3 Bf5 23. b4 Qc4 24. Qd2 b5 25. Qc3 a6 26. Qd2 Qc2 27. Qxc2 Bxc2
28. Nd2 e6 29. Kf1 Bf6 30. Ke2 Bd8 31. Bc3 Bc7 32. Nf1 Bb3 33. Kd2 Bc4 34. Ke1
f5 35. Nd2 Kf7 36. g3 g5 37. Nf3 Kf6 38. Ne5 f4 39. exf4 gxf4 40. Kd2 Bxe5 41.
dxe5+ Kf5 42. g4+ Kg5 43. Ke1 Kh4 44. Bd2 Kg5 45. f3 Bd3 46. Kf2 Bc4 47. Bc3 Bd3
{Game drawn by mutual agreement} 1/2-1/2

[Event "Team 45 45 League T66"]
[Site "Internet Chess Club"]
[Date "2015.09.21"]
[Round "3"]
[White "JohLeb"]
[Black "shaunlewis"]
[Result "0-1"]
[WhiteElo "1309"]
[BlackElo "1248"]
[Opening "Grünfeld: exchange, classical variation"]
[ECO "D86"]
[Time "13:58:33"]
[TimeControl "2700+45"]

1. d4 Nf6 2. c4 g6 3. Nc3 d5 4. cxd5 Nxd5 5. e4 Nxc3 6. bxc3 Bg7 7. Bc4 c5 8.
Qf3 O-O 9. d5 Qa5 10. Bd2 Nd7 11. Bb3 Ne5 12. Qe3 c4 13. Bc2 e6 14. Nf3 exd5 15.
Nxe5 Bxe5 16. exd5 Re8 17. O-O Bxh2+ 18. Kxh2 Rxe3 19. Bxe3 Qxd5 20. Bd4 Bf5 21.
Bxf5 Qxf5 22. Rae1 b6 23. Re7 Kf8 24. Rfe1 Qg5 25. Kg1 Qxe7 26. Rxe7 Kxe7 27.
Kf1 Re8 28. f3 Kd7 29. Kf2 Kc6 30. Be3 a6 31. Ke2 b5 32. Kd2 a5 33. Bd4 Rd8 34.
Kc2 b4 35. g3 Kb5 36. g4 a4 37. g5 b3+ 38. axb3 axb3+ 39. Kb2 Ra8 {White
resigns} 0-1

[Event "Team 45 45 League T66"]
[Site "Internet Chess Club"]
[Date "2015.09.20"]
[Round "3"]
[White "drsigmund1"]
[Black "BrerRabbit"]
[Result "1-0"]
[WhiteElo "1491"]
[BlackElo "1433"]
[Opening "Old Indian: Tartakower (Wade) variation"]
[ECO "A41"]
[Time "19:00:34"]
[TimeControl "2700+45"]

1. d4 d6 2. Nf3 Bg4 3. e4 Nf6 4. Bd3 e5 5. c3 Be7 6. Bg5 h6 7. Be3 Nbd7 8. Nbd2
O-O 9. h3 Bh5 10. g4 Bg6 11. g5 hxg5 12. Nxg5 Nh7 13. h4 Nxg5 14. Bxg5 Bxg5 15.
hxg5 Qxg5 16. Nf3 Qe7 17. Qe2 Nf6 18. O-O-O Nh5 19. Rh2 Nf4 20. Qe3 f6 21. Rdh1
Be8 22. Rh8+ Kf7 23. Bc4+ Ne6 24. R8h7 Bd7 25. Nh4 Rg8 26. Rg1 Ke8 27. Nf5 Qf8
28. Bxe6 Bxe6 29. Nxg7+ Kd7 30. Nxe6+ Kxe6 31. d5# {Black checkmated} 1-0

[Event "Team 45 45 League T66"]
[Site "Internet Chess Club"]
[Date "2015.09.22"]
[Round "3"]
[White "bardu"]
[Black "BrianWood"]
[Result "1/2-1/2"]
[WhiteElo "1309"]
[BlackElo "1482"]
[Opening "Sicilian: Kan, 5.Bd3"]
[ECO "B42"]
[Time "15:06:50"]
[TimeControl "2700+45"]

1. e4 c5 2. Nf3 e6 3. d4 cxd4 4. Nxd4 a6 5. Bd3 Qc7 6. O-O Nf6 7. Qe2 Bc5 8. Nb3
Ba7 9. Nc3 Nc6 10. Be3 b5 11. Bxa7 Rxa7 12. Rfe1 Ne5 13. h3 O-O 14. a3 Nxd3 15.
cxd3 d6 16. Rac1 Qb6 17. d4 e5 18. dxe5 dxe5 19. Nd2 Be6 20. Nf3 Bc4 21. Qd2 Rd7
22. Qg5 Re8 23. Nxe5 Qc5 24. Nf3 Qxg5 25. Nxg5 Rd2 26. b4 Rb2 {Game drawn by
mutual agreement} 1/2-1/2

[Event "Team 45 45 League T66"]
[Site "Internet Chess Club"]
[Date "2015.09.19"]
[Round "3"]
[White "Kandor"]
[Black "PsyMar"]
[Result "1-0"]
[WhiteElo "1334"]
[BlackElo "1347"]
[Opening "French: Wing gambit"]
[ECO "C00"]
[Time "12:00:28"]
[TimeControl "2700+45"]

1. e4 e6 2. Nf3 d5 3. e5 c5 4. b4 cxb4 5. d4 f6 6. a3 Bd7 7. axb4 Bxb4+ 8. c3
Ba5 9. Bd3 Nc6 10. O-O Bc7 11. Ba3 Nge7 12. Nh4 O-O 13. Qh5 f5 14. Bc1 Be8 15.
Qg5 Ng6 16. Nxg6 Qxg5 17. Bxg5 hxg6 18. f4 Kf7 19. Na3 Rh8 20. h4 Bd8 21. g3
Bxg5 22. fxg5 Rc8 23. Rab1 b6 24. Nb5 Rc7 25. Nxc7 {Black resigns} 1-0

[Event "Team 45 45 League T66"]
[Site "Internet Chess Club"]
[Date "2015.09.21"]
[Round "3"]
[White "GideonL"]
[Black "Andaluz"]
[Result "0-1"]
[WhiteElo "1473"]
[BlackElo "1387"]
[Opening "Sicilian: Najdorf, Byrne (English) attack"]
[ECO "B90"]
[Time "14:00:37"]
[TimeControl "2700+45"]

1. e4 c5 2. Nf3 d6 3. d4 cxd4 4. Nxd4 Nf6 5. Nc3 a6 6. Be3 e5 7. Nf3 Nc6 8. Bd3
Be7 9. O-O Ng4 10. Qd2 Nxe3 11. Qxe3 Be6 12. Rad1 O-O 13. Nd5 Bxd5 14. exd5 Nb4
15. a3 Nxd5 16. Qd2 Nf6 17. Rfe1 Qc7 18. c3 Rfe8 19. Qc2 h6 20. Nd2 d5 21. f3
Rad8 22. Nb3 Bd6 23. Be2 e4 24. fxe4 Bxh2+ 25. Kh1 dxe4 26. Rxd8 Rxd8 27. Nd2
Bg3 28. Bd1 {White resigns} 0-1

[Event "Team 45 45 League T66"]
[Site "Internet Chess Club"]
[Date "2015.09.21"]
[Round "3"]
[White "olivermx"]
[Black "guyd52"]
[Result "1/2-1/2"]
[WhiteElo "1311"]
[BlackElo "1355"]
[Opening "Pirc: classical, h3 system"]
[ECO "B07"]
[Time "17:30:22"]
[TimeControl "2700+45"]

1. e4 d6 2. d4 g6 3. Nf3 Bg7 4. Nc3 Nf6 5. h3 O-O 6. Be2 Nbd7 7. O-O e5 8. dxe5
Nxe5 9. Nxe5 dxe5 10. Bg5 Qe7 11. Bd3 Qb4 12. Rb1 Rd8 13. Bxf6 Bxf6 14. Nd5 Qd6
15. Qf3 Bh4 16. Rfd1 Be6 17. Bc4 Qc5 18. Bb3 Rd7 19. Nf6+ Bxf6 20. Rxd7 Bxd7 21.
Qxf6 Rf8 22. Rd1 Bc6 23. Rd8 Bxe4 24. Rxf8+ Qxf8 25. Qxe5 Bc6 26. Qxc7 Qe8 27.
a4 Kg7 28. Qf4 Qe7 29. Qd4+ f6 30. Qxa7 Qe1+ 31. Kh2 Qe5+ 32. Kg1 Qe1+ 33. Kh2
Qe5+ 34. Kg1 Qe1+ {Game drawn by repetition} 1/2-1/2

[Event "Team 45 45 League T66"]
[Site "Internet Chess Club"]
[Date "2015.09.20"]
[Round "3"]
[White "Conjurer"]
[Black "Brazuka"]
[Result "1-0"]
[WhiteElo "1243"]
[BlackElo "1089"]
[Opening "English opening"]
[ECO "A21"]
[Time "20:00:30"]
[TimeControl "2700+45"]

1. c4 e5 2. Nc3 c6 3. g3 Bc5 4. Bg2 Qf6 5. e3 Nh6 6. Ne4 Qe7 7. Nf3 f6 8. a3 a5
9. O-O g5 10. d4 exd4 11. Nxd4 Bxd4 12. Qxd4 O-O 13. Nd6 Nf7 14. Nf5 Qd8 15. Nd6
Qc7 16. c5 Ra6 17. Qxf6 Nxd6 18. Qxg5+ Kh8 19. cxd6 Qxd6 20. b4 axb4 21. Bb2+
Rf6 22. Bxf6+ {Black resigns} 1-0

[Event "Team 45 45 League T66"]
[Site "Internet Chess Club"]
[Date "2015.09.18"]
[Round "3"]
[White "oldbookseller"]
[Black "WzeroMN"]
[Result "1-0"]
[WhiteElo "1126"]
[BlackElo "1087"]
[Opening "Queen's pawn game"]
[ECO "D05"]
[Time "14:00:21"]
[TimeControl "2700+45"]

1. d4 e6 2. Nf3 Nf6 3. e3 d5 4. Bd3 Be7 5. Nbd2 O-O 6. O-O c5 7. c3 c4 8. Bc2 b5
9. e4 Bb7 10. e5 Ne4 11. Qe2 Nxd2 12. Bxd2 f5 13. Bf4 Kf7 14. Rae1 Ke8 15. a4
Bc6 16. Qd1 a6 17. b3 Rg8 18. bxc4 bxc4 19. a5 Qxa5 20. Ng5 Bxg5 21. Qh5+ Kf8
22. Qxg5 h6 23. Qg6 Rh8 24. Bxf5 exf5 25. Qxf5+ Kg8 26. e6 Be8 27. Bd6 Nc6 28.
Qf8+ Kh7 29. Qf5+ Bg6 30. Qh3 Qd8 31. Bf4 Bd3 32. g4 Bxf1 33. Kxf1 Qf8 34. Qg3
Qf6 35. g5 hxg5 36. Bxg5 Qf5 37. e7 Qd3+ 38. Kg2 Qxg3+ 39. fxg3 Rae8 40. Re6 g6
41. Rxc6 Rxe7 42. Bxe7 Re8 43. Bf6 a5 44. Ra6 Re2+ 45. Kh3 Re3 46. Ra7+ Kh6 47.
Rxa5 Rxc3 48. Rxd5 Rb3 49. Rd8 c3 50. Rh8# {Black checkmated} 1-0

[Event "Team 45 45 League T66"]
[Site "Internet Chess Club"]
[Date "2015.09.19"]
[Round "3"]
[White "Electryon"]
[Black "mongmong"]
[Result "0-1"]
[WhiteElo "1360"]
[BlackElo "1614"]
[Opening "English opening"]
[ECO "A13"]
[Time "22:02:09"]
[TimeControl "2700+45"]

1. c4 e6 2. g3 Nf6 3. Bg2 Be7 4. Nf3 O-O 5. O-O d5 6. cxd5 exd5 7. b3 a5 8. Bb2
b6 9. Nc3 Ba6 10. Ne5 Qd6 11. Nc4 Qd8 12. d3 Ra7 13. Nd2 c5 14. Rc1 d4 15. Nce4
Nbd7 16. Nc4 Nxe4 17. Bxe4 Nf6 18. Nxb6 Qxb6 19. Bg2 Bb7 20. f3 Nd5 21. Re1 Ne3
22. Qd2 Bd5 23. Bh3 Be6 24. Bg2 Rc7 25. Rb1 Qb4 26. Qxb4 axb4 27. Bc1 Nxg2 28.
Kxg2 Ra7 29. Rb2 Rfa8 30. Bf4 Rxa2 31. Reb1 Rxb2 32. Rxb2 Ra3 33. Kf2 Rxb3 34.
Rxb3 Bxb3 35. Ke1 Bc2 36. Kd2 b3 37. Kc1 f5 38. Kb2 Kf7 39. e3 dxe3 40. Bxe3 Ke6
41. Bd2 Kd5 42. Bc3 g6 43. Bg7 c4 44. dxc4+ Kxc4 45. f4 Bc5 46. h3 Bd4+ 47. Bxd4
Kxd4 48. g4 Ke4 49. gxf5 Kxf5 {White resigns} 0-1

[Event "Team 45 45 League T66"]
[Site "Internet Chess Club"]
[Date "2015.09.20"]
[Round "3"]
[White "stantheman59"]
[Black "Aquaman"]
[Result "0-1"]
[WhiteElo "1211"]
[BlackElo "1293"]
[Opening "Sicilian: Hungarian variation"]
[ECO "B27"]
[Time "16:04:38"]
[TimeControl "2700+45"]

1. e4 c5 2. Nf3 g6 3. Bc4 Bg7 4. d4 cxd4 5. Nxd4 Nc6 6. c3 Nf6 7. Bd3 O-O 8. Be3
d6 9. O-O Ne5 10. Bc2 Nc4 11. Bc1 Qc7 12. b3 Ne5 13. Bf4 a6 14. h3 Ned7 15. Re1
e5 16. Bxe5 dxe5 17. Nf3 b5 18. a4 Bb7 19. Nbd2 Qxc3 20. axb5 axb5 21. Rxa8 Rxa8
22. Re3 Qc8 23. Ng5 Bh6 24. Rg3 Bxg5 25. Rxg5 Qc7 26. Bd3 Ba6 27. b4 Rc8 28. Nb3
h6 29. Rg3 Nb6 30. Nc5 Qa7 31. Qh5 Nxh5 {White resigns} 0-1

[Event "Team 45 45 League T66"]
[Site "Internet Chess Club"]
[Date "2015.09.20"]
[Round "3"]
[White "RobertBuice"]
[Black "rhayder"]
[Result "0-1"]
[WhiteElo "1175"]
[BlackElo "1333"]
[Opening "King's Indian, 3.Nf3"]
[ECO "E90"]
[Time "18:04:18"]
[TimeControl "2700+45"]

1. d4 Nf6 2. c4 g6 3. Nf3 Bg7 4. Nc3 O-O 5. e4 d6 6. e5 dxe5 7. dxe5 Qxd1+ 8.
Nxd1 Ng4 9. h3 Nxe5 10. Nxe5 Bxe5 11. Bd3 Nc6 12. O-O Rd8 13. Be4 Nd4 14. Re1
Bf6 15. Bh6 Bf5 16. Rc1 Bxe4 17. Rxe4 Nf5 18. Bf4 c6 19. g4 Nd4 20. Bh6 Nf3+ 21.
Kg2 Ng5 22. Bxg5 Bxg5 23. Ne3 Rd2 24. Re5 Bf6 25. Re4 Rxb2 26. a4 Ra2 27. c5 e6
28. Rd1 Rd8 29. Rxd8+ Bxd8 30. Rd4 Be7 31. Rd7 Bxc5 32. Rd8+ Kg7 33. g5 Bxe3 34.
Kf3 {White resigns} 0-1

[Event "Team 45 45 League T66"]
[Site "Internet Chess Club"]
[Date "2015.09.18"]
[Round "3"]
[White "chips"]
[Black "bugeyes"]
[Result "0-1"]
[WhiteElo "1160"]
[BlackElo "1191"]
[Opening "KP: Mengarini's opening"]
[ECO "A00"]
[Time "10:01:26"]
[TimeControl "2700+45"]

1. a3 e5 2. e4 Nf6 3. Nf3 Nxe4 4. Nxe5 Qe7 5. d4 d6 6. f3 Qh4+ 7. Ke2 dxe5 8. g3
Nxg3+ 9. hxg3 Qxh1 10. dxe5 Bc5 11. Qd5 Qh2+ 12. Kd3 Bb6 13. g4 O-O 14. Be3 Nc6
15. f4 Rd8 16. Qxd8+ Nxd8 17. Bxb6 axb6 18. Ke4 Qxc2+ 19. Bd3 Qg2+ {White
resigns} 0-1